 Dungeon Crawl Stone Soup version 0.30-a0-824-g6c64550be9 (webtiles) character file.

Game seed: 11401976603980557518

3 sircluck the Covert (level 1, -3/23 HPs)
             Began as a Gnoll Delver on Feb 27, 2023.
             Slain by a centaur zombie (4 damage)
             ... in an ossuary.
             The game lasted 00:00:30 (138 turns).

sircluck the Covert (Gnoll Delver)                   Turns: 138, Time: 00:00:30

Health: -3/23      AC:  3    Str: 11    XL:     1   Next: 50%
Magic:  1/1        EV: 13    Int:  9    God:
Gold:   0          SH:  0    Dex: 13    Spells: 0/0 levels left

rFire   . . .      SeeInvis .    a - +0 falchion
rCold   . . .      Faith    .    (no shield)
rNeg    . . .      Spirit   .    b - +0 leather armour
rPois   .          Reflect  .    (no helmet)
rElec   .          Harm     .    (no cloak)
rCorr   .          Rampage  .    (no gloves)
Will    .....                    (no boots)
Stlth   ++++                     (no amulet)
HPRegen 0.23/turn                (no ring)
MPRegen 0.07/turn                (no ring)

@: no status effects
A: fangs 1, strong nose, distributed training
a: no special abilities


You were in an ossuary.
You visited 1 branch of the dungeon, and saw 1 of its levels.
You also visited: Ossuary.

Inventory:

Hand Weapons
 a - a +0 falchion (weapon)
 h - a +2 heavy hand axe
Armour
 b - a +0 leather armour (worn)
Wands
 g - a wand of digging (3)
Scrolls
 c - a scroll of fog
 d - a scroll of magic mapping
 e - a scroll of fear
Potions
 f - a potion of haste


   Skills:
 + Level 6.4 Fighting
 + Level 0.0 Short Blades
 + Level 4.4 Long Blades
 + Level 0.0 Axes
 + Level 0.0 Maces & Flails
 + Level 0.0 Polearms
 + Level 0.0 Staves
 + Level 0.0 Ranged Weapons
 + Level 0.0 Throwing
 + Level 0.0 Armour
 + Level 4.4 Dodging
 + Level 9.5 Stealth
 + Level 0.0 Shields
 + Level 0.0 Unarmed Combat
 + Level 0.0 Spellcasting
 + Level 0.0 Conjurations
 + Level 0.0 Hexes
 + Level 0.0 Summonings
 + Level 0.0 Necromancy
 + Level 0.0 Translocations
 + Level 0.0 Transmutations
 + Level 0.0 Fire Magic
 + Level 0.0 Ice Magic
 + Level 0.0 Air Magic
 + Level 0.0 Earth Magic
 + Level 0.0 Poison Magic
 + Level 0.1 Invocations
 + Level 0.0 Evocations


You couldn't memorise any spells.
You didn't know any spells.
Your spell library contained the following spells:

 Spells                   Type           Power      Damage    Failure   Level
 Animate Armour           Summ/Erth      0%         N/A       99%         4
 Blade Hands              Tmut           0%         N/A       100%        5
 Iron Shot                Conj/Erth      0%         9d1       100%        6


Dungeon Overview and Level Annotations

Branches:
Dungeon (5/15)            Ossuary (1/1)
 Temple: D:4-7

Altars:


Innate Abilities, Weirdness & Mutations

You have very sharp teeth.
Your uncanny sense of smell can sniff out nearby items.
Your experience applies equally to all skills.


Message History

You hit the centaur zombie.
The centaur zombie is lightly damaged.
The scorpion zombie closely misses you. The centaur zombie hits you.
The centaur zombie kicks you but does no damage.
You hit the centaur zombie but do no damage.
You bite the centaur zombie.
The centaur zombie is lightly damaged.
The centaur zombie closely misses you.
The centaur zombie completely misses you.
The scorpion zombie hits you.
You hit the centaur zombie but do no damage.
The centaur zombie is lightly damaged.
The centaur zombie hits you. The centaur zombie misses you.
The scorpion zombie hits you. The centaur zombie closely misses you.
The centaur zombie misses you.
You are too injured to fight recklessly!
You are too injured to fight recklessly!
You are too injured to fight recklessly!
You are too injured to fight recklessly!
You are too injured to fight recklessly!
You are too injured to fight recklessly!
You are too injured to fight recklessly!
You are too injured to fight recklessly!
You are too injured to fight recklessly!
You are too injured to fight recklessly!
You are too injured to fight recklessly!
You hit the centaur zombie.
The centaur zombie is moderately damaged.
The scorpion zombie hits you. The centaur zombie closely misses you.
The centaur zombie barely misses you. The orc zombie barely misses you.
You hit the centaur zombie.
The centaur zombie is moderately damaged.
The centaur zombie hits you.
* * * LOW HITPOINT WARNING * * *
The centaur zombie kicks you.
* * * LOW HITPOINT WARNING * * *
The scorpion zombie hits you.
* * * LOW HITPOINT WARNING * * *
The orc zombie closely misses you. The centaur zombie hits you.
You die...

######### ∆∆∆
#...#...# ∆ +...8...#
∆ ∆ .......#
##############8ZZ.8##
#...#...#...#.ZZZ...#
#.∩.'...8...#..@8...#
#...#.......#...#..s#
##'###8...8###'######
#...#.......#...#?.?#
#.∩.#...8...'...#=M.+
#...#...#...#...#..!#
#####################


You could see a scorpion (asleep), a scorpion zombie, a goblin zombie, 2 orc
zombies and a centaur zombie.

Vanquished Creatures
  An orc (D:5)
  2 hobgoblin zombies (Ossuary)
3 creatures vanquished.

Notes
Turn   | Place    | Note
-------+----------+-------------------------------------------
     0 | D:5      | Reached skill level 9 in Stealth
     0 | D:5      | sircluck the Gnoll Delver began the quest for the Orb.
     0 | D:5      | Reached XP level 1. HP: 23/23 MP: 1/1
    15 | D:5      | Found a sand-covered staircase.
    28 | D:5      | Noticed a hound
    45 | Ossuary  | Entered an ossuary
   133 | Ossuary  | Noticed a scorpion
   138 | Ossuary  | HP: 1/23 [scorpion zombie (3)]
   138 | Ossuary  | Slain by a centaur zombie

Illustrated notes

Levels and vault maps discovered:
D:5:      black_bear_nest_1, layout_cave_pools, minmay_temple_entry_mist,
          serial_gnoll_camp, gnoll_camp_mini_house, gnoll_camp_mini_shop,
          grums_kennel, gnoll_camp_huts_basic, gnoll_camp_mini_hut,
          enter_ossuary_5, nicolae_titane, uniq_grinder, uniq_sigmund
Ossuary:  ossuary_minmay_scorpions

Skill      XL: | |
---------------+-+-----
Stealth        | |  9.5
Fighting       | |  6.4
Long Blades    | |  4.4
Dodging        | |  4.4
Invocations    | |  0.1

Action                     || total
---------------------------++-------
  Melee: Falchion          ||    31
         Bite              ||     2
 Armour: Leather armour    ||     5
  Dodge: Dodged            ||    35

Table legend: (Time is in decaauts)
 A = Elapsed time spent in this place.
 B = Non-inter-level travel time spent in this place.
 C = Inter-level travel time spent in this place.
 D = Time resting spent in this place.
 E = Time spent auto-exploring this place.
 F = Levels seen in this place.
 G = Mean time per level.
                   A        B        C        D        E       F      G
               +--------+--------+--------+--------+--------+-----+--------+
         Total |    139 |    139 |      0 |     57 |     12 |   2 |   69.5 |
       Dungeon |     46 |     46 |      0 |      0 |      5 |   1 |   46.0 |
       Ossuary |     93 |     93 |      0 |     57 |      7 |   1 |   93.0 |
               +--------+--------+--------+--------+--------+-----+--------+

Top non-repeatable levels by time:
 Ossuary: 93 daAuts
     D:5: 46 daAuts
